 Dungeon Crawl Stone Soup version 0.30.0 (webtiles) character file.

Game seed: 4419243293950756608

5267 Esekla the Chiller (level 10, 0/123 (124) HPs)
             Began as a Black Draconian Wanderer on May 6, 2023.
             Was a Believer of Ashenzari.
             Slain by a wolf spider (9 damage)
             ... on level 9 of the Dungeon on May 7, 2023.
             The game lasted 01:00:48 (9157 turns).

Esekla the Chiller (Black Draconian Wanderer)       Turns: 9157, Time: 01:00:49

HP:   0/123 (124)   AC: 29    Str: 19    XL:     10   Next: 36%
MP:   19/19         EV:  2    Int: 17    God:    Ashenzari [**....]
Gold: 688           SH:  0    Dex:  6    Spells: 1/21 levels left

rFire   . . .        a - +5 falchion (freeze)
rCold   . . .        (no shield)
rNeg    . . .        (body armour unavailable)
rPois   +            (helmet currently unavailable)
rElec   .            m - melded +0 cloak "Overhang to Understand" {Bglg, Elem} (curse)
rCorr   .            p - melded +2 pair of gloves of Supernal Knowledge {Self, Range} (curse)
SInv    +            J - melded +0 pair of boots "At What Cost Knowledge?" {Elem, Range} (curse)
Will    .....        (no amulet)
Stlth   +            M - +4 ring of protection
HPRegen 0.40/turn    x - +4 ring of slaying
MPRegen 0.16/turn

%: no passive effects
@: lethally poisoned (0 -> -67), tree-form, hasted, lightly drained, very quick
A: stationary, stasis, torment immunity, boosted hp, (breathe lightning), AC +7,
unfitting armour, (electricity resistance), (cold-blooded)
a: Renounce Religion, Curse Item, Shatter the Chains


You were on level 9 of the Dungeon.
You worshipped Ashenzari.
Ashenzari was pleased with you.
You were a tree.
You visited 2 branches of the dungeon, and saw 11 of its levels.
You also visited: Sewer.

You collected 688 gold pieces.

Inventory:

Hand Weapons
 a - a +5 falchion of freezing (weapon)
 r - a +2 trident of freezing
 s - a +4 dagger
 v - a +1 dagger of venom
 O - a +2 long sword of freezing
Missiles
 g - 16 poisoned darts (quivered)
 K - 5 boomerangs
Armour
 m - the cursed +0 cloak "Overhang to Understand" (melded) {Bglg, Elem}
   (You took it off Crazy Yiuf on level 2 of the Dungeon)

   It has a curse which improves the following skills: Beguiling: Conjurations,
   Hexes and Translocations.
   Elements:  Fire Magic, Ice Magic, Air Magic and Earth Magic.
 p - the cursed +2 pair of gloves of Supernal Knowledge (melded) {Self, Range}
   (You found it on level 5 of the Dungeon)

   It has a curse which improves the following skills: Introspection: Fighting
   and Spellcasting.
   Ranged Combat: Ranged Weapons and Throwing.
 J - the cursed +0 pair of boots "At What Cost Knowledge?" (melded) {Elem, Range}
   (You found it on level 3 of the Dungeon)

   It has a curse which improves the following skills: Elements: Fire Magic, Ice
   Magic, Air Magic and Earth Magic.
   Ranged Combat: Ranged Weapons and Throwing.
Jewellery
 j - a +6 ring of dexterity
 x - a +4 ring of slaying (right branch)
 D - a ring of magical power
 F - a ring of protection from cold
 M - a +4 ring of protection (left branch)
Wands
 c - a wand of flame (9)
 o - a wand of light (22)
Scrolls
 l - 3 scrolls of blinking
 n - 5 scrolls of fear
 q - a scroll of magic mapping
 u - 4 scrolls of poison
 w - a scroll of acquirement
 y - 3 scrolls of teleportation
 A - a scroll of enchant armour
 B - a scroll of fog
 E - a scroll of brand weapon
 H - a scroll of amnesia
 L - a scroll of enchant weapon
Potions
 b - 3 potions of invisibility
 d - a potion of might
 e - 2 potions of haste
 f - a potion of heal wounds
 h - a potion of ambrosia
 i - 2 potions of mutation
 k - 2 potions of attraction
 t - a potion of brilliance
 z - 5 potions of curing
 C - 2 potions of cancellation
 I - a potion of flight
 N - a potion of resistance


   Skills:
 * Level 5.8 Fighting
 * Level 5.1(5.7) Short Blades
 + Level 3.8(5.1) Long Blades
 + Level 0.1 Polearms
 + Level 1.2 Throwing
 + Level 3.1 Dodging
 + Level 1.6 Stealth
 * Level 6.3 Spellcasting
 * Level 3.8 Conjurations
 + Level 3.4 Translocations
 + Level 3.8 Transmutations
 + Level 2.3 Fire Magic
 + Level 6.6 Ice Magic
 * Level 4.7 Air Magic
 + Level 3.2 Poison Magic
 + Level 1.0 Evocations


You had one spell level left.
You knew the following spells:

 Your Spells              Type           Power      Damage    Failure   Level
a - Ozocubu's Armour      Ice            28%        N/A       2%          3
b - Blink                 Tloc           34%        N/A       4%          2
c - Mephitic Cloud        Conj/Pois/Air  18%        N/A       8%          3
d - Freeze                Ice            100%       1d10      1%          1
n - Ignite Poison         Fire/Tmut/Pois 16%        N/A       10%         3
p - Apportation           Tloc           34%        N/A       3%          1
w - Wereblood             Tmut           18%        N/A       3%          2
z - Freezing Cloud        Conj/Ice/Air   11%        6-21      38%         5

Your spell library contained the following spells:

 Spells                   Type           Power      Damage    Failure   Level
 Magic Dart               Conj           72%        1d6       2%          1
 Necrotise                Necr           20%        1d5       12%         1
 Sandblast                Erth           10%        2d5       12%         1
 Summon Small Mammal      Summ           20%        N/A       12%         1
 Lesser Beckoning         Tloc           34%        N/A       4%          2
 Momentum Strike          Conj/Tloc      34%        3d8       4%          2
 Cigotuvi's Dreadful Rot  Necr/Pois/Air  28%        N/A       6%          2
 Passwall                 Tmut/Erth      9%         N/A       9%          2
 Gell's Gravitas          Tloc           17%        N/A       9%          3
 Teleport Other           Tloc           17%        N/A       9%          3
 Volatile Blastmotes      Fire/Tloc      30%        2d12      12%         3
 Stone Arrow              Conj/Erth      22%        3d8       17%         3
 Call Imp                 Summ           10%        N/A       19%         2
 Iskenderun's Mystic Bla  Conj/Tloc      17%        2d5       28%         4
 Summon Ice Beast         Ice/Summ       16%        N/A       30%         4
 Call Canine Familiar     Summ           5%         N/A       36%         3
 Summon Guardian Golem    Hex/Summ       5%         N/A       36%         3
 Fulminant Prism          Conj/Hex       5%         3d7       50%         4
 Summon Forest            Summ/Tloc      5%         N/A       86%         5
 Lee's Rapid Deconstruct  Erth           2%         3d5*      98%         5
 Summon Mana Viper        Hex/Summ       5%         N/A       98%         5
 Summon Cactus Giant      Summ           2%         N/A       100%        6


Dungeon Overview and Level Annotations

Branches:
Dungeon (10/15)            Temple (1/1) D:5           Sewer (visited)
   Lair: D:8-11         Orc: D:9-12

Altars:
Ashenzari
Dithmenos
Gozag
Hepliaklqana
Nemelex Xobeh
Okawaru
Trog
Wu Jian
Xom
The Shining One

Annotations:
D:6 3 runed translucent doors, blob's ghost, novice SpEn
D:9 5 runed translucent doors
Temple 2 transporters


Innate Abilities, Weirdness & Mutations

You are a tree.
Your roots penetrate the ground, keeping you stationary.
You cannot be teleported.
You are immune to unholy pain and torment.
Your maximum health is greatly increased.
Your equipment is partially melded.
((You can breathe wild blasts of lightning.))
((Your glossy black scales are hard. (AC +7)))
You cannot fit into any form of body armour.
((You are resistant to electric shocks. (rElec)))
((You are cold-blooded and may be slowed by cold attacks.))


Message History

The wolf spider bites you but does no damage.
The wolf spider hits you but does no damage.
The wolf spider bites you!
You are poisoned.
The wolf spider poisons you! The wolf spider hits you.
The wolf spider bites you but does no damage.
You feel yourself speed up.
You feel extremely sick.
The hornet buzzes angrily.
You hear an angry buzzing noise.
The wolf spider hits you. The wolf spider bites you. The wolf spider hits you!
The wolf spider closely misses you. The wolf spider hits you!
The wolf spider bites you but does no damage.
The wolf spider hits you! The wolf spider closely misses you. x3
The wolf spider hits you!
The wolf spider bites you but does no damage.
Really quaff the potion of lignification? [Y]es or [N]o only, please.
Really quaff the potion of lignification?
You turn into a tree.
The cursed +0 cloak "Overhang to Understand" {Bglg, Elem} melds into your body.
The cursed +2 pair of gloves of Supernal Knowledge {Self, Range} melds into your body.
The cursed +0 pair of boots "At What Cost Knowledge?" {Elem, Range} melds into your body.
Your roots penetrate the ground.
You feel very sick. The wolf spider hits you.
* * * LOW HITPOINT WARNING * * *
The wolf spider bites you but does no damage.
The wolf spider barely misses you. The wolf spider bites you!
* * * LOW HITPOINT WARNING * * *
The wolf spider hits you but does no damage.
The wolf spider bites you!
* * * LOW HITPOINT WARNING * * *
You are more poisoned.
The wolf spider poisons you! The wolf spider hits you.
* * * LOW HITPOINT WARNING * * *
The wolf spider bites you.
* * * LOW HITPOINT WARNING * * *
You are more poisoned.
The wolf spider poisons you! The wolf spider hits you!
You die...

..# ##...######..# #.## #<
#.# ##..##....##.###..# #.
#.# ###).##+.....#..###.# #.
#.####...##.#...SS##.###.#
#.
#.#....###yy##SSSs.#.#...##
#.
....####y..yy###+###......##
#.
.####)+y..y..#!(+..........#
##
....####yy|yy###+###.......#
###....###{.##ss♣ss#.......#
#......##.#.ssss##.?....##
#.####..##+...s.#..#...##
#.# ##..##....##.##.>##
###.### #...######..##..#
......# #.#...........).#
#####.# #.#....########)#
#####.# #.#.#### #.#
....#.###.#.# #.# ######


You could see 7 wolf spiders, 3 black mambas, 3 hornets, 2 water moccasins, 3
redbacks and a killer bee.

Vanquished Creatures
  A two-headed ogre (D:8)
  2 wyverns
  6 yaks (D:7)
  A wraith (D:9)
  Grum (D:9)
  An acid dragon (D:9)
  A water moccasin (Sewer)
  An orc warrior (D:9)
  A black bear (D:6)
  An ogre (D:5)
  2 wolves (D:9)
  3 centaurs
  A kobold brigand (D:8)
  3 bullfrogs
  A gnoll sergeant (D:9)
  3 scorpions
  17 wights
  3 howler monkeys
  3 jellies (D:5)
  2 orc priests
  A hound (D:3)
  Crazy Yiuf (D:2)
  2 gnoll boudas
  2 sleepcaps (D:5)
  2 iguanas (D:5)
  5 orc wizards
  11 gnolls
  12 adders
  2 river rats (D:4)
  A shadow imp (D:7)
  A white imp (D:6)
  6 worms
  4 dart slugs
  17 orcs
  3 endoplasms
  2 giant cockroaches
  9 hobgoblins
  3 jackals
  5 quokkas
  8 ball pythons
  7 bats
  6 frilled lizards
  7 goblins
  14 kobolds
  9 rats
194 creatures vanquished.

Vanquished Creatures (others)
  4 fungi (D:6)
4 creatures vanquished.

Grand Total: 198 creatures vanquished

Notes
Turn   | Place    | Note
-------+----------+-------------------------------------------
     0 | D:1      | Esekla the Draconian Wanderer began the quest for the Orb.
     0 | D:1      | Esekla set off with the following items: a +0 club, a
                  | potion of invisibility, a wand of flame (3); and the
                  | following spell memorised: Freeze; and the following spells
                  | available to memorise: Ozocubu's Armour, Wereblood,
                  | Passwall, Summon Ice Beast.
     0 | D:1      | Reached XP level 1. HP: 14/14 MP: 3/3
   143 | D:1      | Reached XP level 2. HP: 20/22 MP: 5/5
   146 | D:1      | Learned a level 2 spell: Wereblood
   476 | D:2      | Reached XP level 3. HP: 26/27 MP: 1/6
   488 | D:2      | Reached skill level 1 in Fighting
   488 | D:2      | Reached skill level 1 in Short Blades
   529 | D:2      | Reached skill level 1 in Dodging
   538 | D:2      | Learned a level 3 spell: Ozocubu's Armour
  1045 | D:2      | Reached XP level 4. HP: 30/35 MP: 0/7
  1297 | D:2      | Found a runed translucent door.
  1298 | D:2      | Noticed Crazy Yiuf
  1312 | D:2      | Killed Crazy Yiuf
  1945 | D:3      | Reached XP level 5. HP: 40/40 MP: 3/9
  2019 | D:3      | Found a broken altar of Ashenzari.
  2024 | D:3      | Became a worshipper of Ashenzari the Shackled
  2116 | D:3      | Learned a level 2 spell: Blink
  2491 | D:3      | Found a faded altar of an unknown god.
  2568 | D:4      | You fall into a shaft and drop 3 floors!
  2707 | D:5      | Entered Level 5 of the Dungeon
  2719 | D:6      | Reached skill level 1 in Poison Magic
  2719 | D:6      | Reached XP level 6. HP: 32/48 MP: 6/10
  2824 | D:4      | Reached skill level 1 in Translocations
  2905 | D:4      | Found a glowing drain.
  2913 | Sewer    | Entered a sewer
  3019 | Sewer    | Noticed a water moccasin
  3026 | Sewer    | Killed a water moccasin
  3027 | Sewer    | Reached skill level 1 in Air Magic
  3282 | D:3      | Your scales start taking on a glossy black colour.
  3282 | D:3      | Reached XP level 7. HP: 49/56 MP: 9/12
  3282 | D:3      | Gained mutation: You are resistant to electric shocks.
                  | (rElec) [Black Draconian growth]
  3406 | D:4      | Reached skill level 1 in Conjurations
  3419 | D:4      | Reached * piety under Ashenzari
  3419 | D:4      | Identified a scroll of acquirement
  3958 | D:5      | Found a staircase to the Ecumenical Temple.
  3976 | Temple   | Entered the Ecumenical Temple
  3976 | Temple   | Found a transporter.
  3976 | Temple   | Found a transporter.
  4336 | D:5      | Reached XP level 8. HP: 47/62 MP: 10/14
  4899 | D:5      | Learned a level 3 spell: Mephitic Cloud
  5020 | D:6      | Found a runed translucent gate.
  5020 | D:6      | Found a runed translucent gate.
  5023 | D:6      | Found a runed translucent gate.
  5026 | D:6      | Noticed blob's ghost (novice SpEn)
  5139 | D:6      | Reached skill level 1 in Long Blades
  5192 | D:6      | Reached ** piety under Ashenzari
  5254 | D:6      | Learned a level 3 spell: Ignite Poison
  5784 | D:7      | Found an opulent altar of Gozag.
  5843 | D:7      | Reached skill level 1 in Fire Magic
  5982 | D:7      | Reached skill level 1 in Stealth
  5990 | D:7      | Reached XP level 9. HP: 37/73 MP: 13/17
  5999 | D:7      | Reached skill level 5 in Spellcasting
  6202 | D:7      | Learned a level 5 spell: Freezing Cloud
  6922 | D:8      | Noticed a two-headed ogre
  6933 | D:8      | Killed a two-headed ogre
  6934 | D:8      | Reached skill level 5 in Fighting
  7483 | D:8      | Reached XP level 10. HP: 66/76 MP: 18/20
  7685 | D:9      | Noticed a black mamba
  7685 | D:9      | Noticed a black mamba
  7685 | D:9      | Noticed a black mamba
  7686 | D:9      | Found a runed translucent gate.
  7689 | D:9      | Found a runed translucent door.
  7707 | D:9      | Learned a level 1 spell: Apportation
  8063 | D:9      | Noticed a wolf spider
  8063 | D:9      | Noticed a wolf spider
  8063 | D:9      | Noticed a wolf spider
  8101 | D:9      | Noticed Grum
  8112 | D:9      | Killed Grum
  8113 | D:9      | Reached skill level 1 in Throwing
  8263 | D:9      | Reached skill level 5 in Short Blades
  8396 | D:9      | Noticed a wolf spider
  8397 | D:9      | Noticed a wolf spider
  8397 | D:9      | Noticed a wolf spider
  8398 | D:9      | Noticed a wolf spider
  8399 | D:9      | Found a runed translucent gate.
  8401 | D:9      | Found a runed translucent door.
  8403 | D:9      | Found a runed translucent gate.
  8572 | D:9      | Found the +9 staff of Olgreb {rPois∞}
  9132 | D:10     | Entered Level 10 of the Dungeon
  9157 | D:9      | Slain by a wolf spider

Illustrated notes

Levels and vault maps discovered:
D:1:      eino_arrival_water_star, layout_rooms
D:2:      layout_loops_cross, uniq_crazy_yiuf_cottage
D:3:      minmay_general_purpose_star, layout_rooms, evilmike_ruin_ashenzari,
          hellmonk_ecumenical_altar_leap_of_faith
D:4:      layout_loops_ring, lightli_sewer_entry_pipes
D:5:      layout_gridville, minmay_temple_entry_tees
D:6:      layout_loops_ring, gammafunk_ghost_nasty_kobolds,
          minmay_misc_feat_roman
D:7:      layout_gridville, mainiacjoe_overflow_cross_hatched
D:8:      layout_rooms, serial_curves, eino_curves_03, eino_curves_03,
          kennysheep_generic_room_9
D:9:      layout_loops_ring, minmay_guarded_unrand_staff_of_olgreb, uniq_grum
D:10:     layout_rooms, lemuel_zombie_altar_yredelemnul, orc_0_dummy,
          minivault_22
Temple:   hellmonk_temple_divided_pantheon

Skill      XL: |  1  2  3  4  5  6  7  8  9 10 |
---------------+-------------------------------+-----
Fighting       | 1 2 3 5 |  5.8
Short Blades   | 1 2 3 4 5 |  5.1
Dodging        | 1 2 3 |  3.1
Spellcasting   | 3 4 5 6 |  6.3
Poison Magic   | 1 2 3 |  3.2
Translocations | 1 2 3 |  3.4
Air Magic      | 1 2 3 4 |  4.7
Conjurations   | 1 2 3 |  3.8
Transmutations | 3 |  3.8
Long Blades    | 2 3 |  3.8
Ice Magic      | 6 |  6.6
Fire Magic     | 2 |  2.3
Stealth        | 1 |  1.6
Throwing       | 1 |  1.2
Polearms       | |  0.1
Evocations     | |  1.0

Action                     |  1- 3 |  4- 6 |  7- 9 | 10-12 || total
---------------------------+-------+-------+-------+-------++-------
  Melee: Club              |    24 |       |       |       ||    24
         Dagger            |   162 |   208 |   169 |    65 ||   604
         Tailslap          |    22 |    28 |    48 |    18 ||   116
         Falchion          |       |    17 |    96 |    31 ||   144
         Punch             |       |     4 |     5 |     2 ||    11
         Trident           |       |       |    12 |     1 ||    13
  Throw: Dart              |       |       |       |     4 ||     4
   Cast: Wereblood         |     6 |     7 |    12 |     5 ||    30
         Ozocubu's Armour  |     3 |    21 |    23 |     7 ||    54
         Mephitic Cloud    |       |       |     7 |     6 ||    13
         Ignite Poison     |       |       |     1 |     2 ||     3
 Invoke: Curse Item        |       |     1 |     2 |       ||     3
Ability: Breathe Lightning |       |       |     9 |     3 ||    12
  Evoke: Wand              |     1 |     1 |     1 |     6 ||     9
    Use: Potion            |     2 |       |       |     3 ||     5
         Scroll            |     3 |     4 |     1 |       ||     8
   Stab: Confused          |       |       |     2 |     1 ||     3
         Distracted        |       |       |     1 |       ||     1
         Invisible         |       |       |       |     1 ||     1
 Armour: Skin              |    78 |    95 |   121 |    41 ||   335
  Dodge: Dodged            |   120 |   132 |   167 |    52 ||   471
